 Dungeon Crawl Stone Soup version 0.16.2-2-g470672f (webtiles) character file.

20 dvd the Scratcher (level 2, 0/12 HPs)
             Began as a Felid Transmuter on Aug 27, 2015.
             Slain by a hound (6 damage)
             ... on level 2 of the Dungeon.
             The game lasted 00:13:04 (1399 turns).

dvd the Scratcher (Felid Transmuter)                Turns: 1399, Time: 00:13:04

Health: 0/12       AC:  1    Str:  6    XL:     2   Next: 58%
Magic:  4/5        EV: 18    Int: 14    God:
Gold:   90         SH:  0    Dex: 16    Spells: 1 memorised, 4 levels left
                                        Lives:  0   Deaths: 0

rFire  . . .     SeeInvis +       - Unarmed
rCold  . . .     Clarity  .     (armour unavailable)
rNeg   . . .     SustAb   .     (shield unavailable)
rPois  .         Gourm    .     (helmet unavailable)
rElec  .         Spirit   .     (cloak unavailable)
rCorr  .         Warding  .     (gloves unavailable)
rMut   .         Stasis   .     (boots unavailable)
MR     .....                    (no amulet)
Stlth  ++........               (no ring)
                                (no ring)

@: appendage (expiring), quick, not resistant to hostile enchantments,
unstealthy
A: paw claws, no armour, no weapons or thrown items, fangs 3, horns 2, see
invisible, carnivore 3, speed 1, shaggy fur 1, slow metabolism 1, sharp paws
a: End Transformation


You were on level 2 of the Dungeon.
You were very full.
You had grown temporary horns.
You visited 1 branch of the dungeon, and saw 2 of its levels.

You collected 90 gold pieces.

Inventory:

Missiles
 b - 12 arrows
Scrolls
 e - 3 scrolls of identify {unknown}
 h - a scroll of noise {unknown}
 i - a scroll of enchant armour {unknown}
Potions
 c - a potion of experience {unknown}
 f - a potion of curing {unknown}
 g - a potion of agility {unknown}
Books
 d - a book of Changes

   Spells                             Type                      Level
   a - Beastly Appendage              Transmutation                1
   b - Sticks to Snakes               Transmutation                2
   c - Spider Form                    Transmutation/Poison         3
   d - Ice Form                       Ice/Transmutation            4
   e - Blade Hands                    Transmutation                5
Comestibles
 a - a meat ration
 j - a royal jelly


   Skills:
 + Level 1.1 Fighting
 + Level 2.9 Dodging
 + Level 0.4 Stealth
 + Level 3.5 Unarmed Combat
 + Level 2.1 Spellcasting
 + Level 2.4 Transmutations


You had 4 spell levels left.
You knew the following spells:

 Your Spells              Type           Power        Failure   Level  Hunger
a - Beastly Appendage     Trmt           #.....       12%         1    ##.....


Dungeon Overview and Level Annotations

Branches:
Dungeon (2/15)

Altars:
Makhleb


Innate Abilities, Weirdness & Mutations

You cannot wear armour.
You are incapable of wielding weapons or throwing items.
You have razor-sharp teeth.
You have supernaturally acute eyesight.
You are carnivorous and can eat meat at any time.
You cover ground quickly.
You are covered in fur (AC +1).
You have a slow metabolism.
Your paws have sharp claws that are effective at stabbing.
You have a pair of horns on your head.


Message History

The hound is lightly wounded.
The hound closely misses you.
You closely miss the hound.
The hound is lightly wounded.
Your transformation is almost over.
The hound completely misses you.
You scratch the hound but do no damage.
The hound is lightly wounded.
The hound closely misses you. The hound completely misses you.
You scratch the hound. Your headbutt misses the hound.
The hound is heavily wounded.
The hound bites you.
You closely miss the hound.
The hound is heavily wounded.
The hound misses you. The hound bites you but does no damage.
You closely miss the hound. Your headbutt misses the hound.
The hound is heavily wounded.
The hound bites you.
Ouch! That really hurt!
You die...

##### ## #...## ##∩##
#....# ##._.#
##....###.†..#
#..#...##.h.#
#...#..###@#
######.####..#..######
##........###...##....#
........### ##.######.#
##.##...# ###.# #.#
...###..##### #.# #.#
............# #)####.#
#####..)###.# #......#
#.#.# #.# #.######


You could see a hound (bleeding).

Vanquished Creatures
  A ball python (D:1)
  2 bats (D:1)
  3 giant cockroaches (D:1)
  A goblin (D:1)
  A hobgoblin (D:1)
  A giant newt (D:2)
  7 kobolds
  A rat (D:1)
17 creatures vanquished.

Notes
Turn   | Place    | Note
--------------------------------------------------------------
     0 | D:1      | dvd, the Felid Transmuter, began the quest for the Orb.
     0 | D:1      | Reached XP level 1. HP: 9/9 MP: 4/4
   464 | D:1      | Reached XP level 2. HP: 12/12 MP: 3/5
  1389 | D:2      | Found a burning altar of Makhleb.
  1399 | D:2      | Slain by a hound

Action                   || total
-------------------------++-------
Melee: Unarmed           ||    50
 Cast: Beastly Appendage ||    16
  Eat: Chunk             ||     5
       Pizza             ||     1
